 Dungeon Crawl Stone Soup version 0.27-a0-412-g8dd771eca2 (webtiles) character file.

Game seed: 10282462145192243395

9 Morbidden the Skirmisher (level 2, 19/24 HPs)
             Began as a Demonspawn Fighter on Feb 24, 2021.
             Quit the game on level 1 of the Dungeon.
             The game lasted 00:00:08 (215 turns).

Morbidden the Skirmisher (Demonspawn Fighter)        Turns: 215, Time: 00:00:09

Health: 19/24      AC:  6    Str: 16    XL:     2   Next: 3%
Magic:  2/2        EV:  6    Int:  9    God:
Gold:   19         SH:  8    Dex: 12    Spells: 1/1 levels left

rFire    . . .     SeeInvis .   a - +0 long sword
rCold    . . .     Faith    .   c - +0 kite shield
rNeg     . . .     Spirit   .   b - +0 scale mail
rPois    .         Reflect  .   (helmet restricted)
rElec    .         Harm     .   (no cloak)
rCorr    .         Rampage  .   (no gloves)
Will     .....                  (no boots)
Stlth    ..........             (no amulet)
HPRegen  0.08/turn              (no ring)
MPRegen  0.08/turn              (no ring)

@: no status effects
A: antennae 1
a: no special abilities


You were on level 1 of the Dungeon.
You visited 1 branch of the dungeon, and saw 1 of its levels.

You collected 19 gold pieces.

Inventory:

Hand Weapons
 a - a +0 long sword (weapon)
Armour
 b - a +0 scale mail (worn)
 c - a +0 kite shield (worn)
Potions
 d - a potion of might


   Skills:
 + Level 3.1 Fighting
 + Level 1.8 Long Blades
 + Level 2.8 Armour
 + Level 2.9 Shields


You had one spell level left.
You didn't know any spells.
Your spell library was empty.

Dungeon Overview and Level Annotations

Branches:
Dungeon (1/15)

Altars:


Innate Abilities, Weirdness & Mutations

You have a pair of small antennae on your head.


Message History

The dart slug is heavily wounded.
The dart slug launches a dart at you.
The slug dart hits you but does no damage.
You slash the dart slug!
You kill the dart slug!
HP restored.
A rat comes into view.
The rat bites you but does no damage.
Found a helmet.
A rat is nearby!
You hit the rat.
You kill the rat!
A giant cockroach comes into view.
A giant cockroach is nearby!
A giant cockroach is nearby!
The giant cockroach bites you. The giant cockroach barely misses you.
A giant cockroach is nearby!
You hit the giant cockroach.
The giant cockroach is severely wounded.
The giant cockroach bites you.
A giant cockroach is nearby!
You hit the giant cockroach but do no damage.
The giant cockroach is severely wounded.
You block the giant cockroach's attack. The giant cockroach bites you.
A giant cockroach is nearby!
You barely miss the giant cockroach.
The giant cockroach is severely wounded.
The giant cockroach closely misses you. You block the giant cockroach's attack.
A giant cockroach is nearby!
Your shield and scale mail prevent you from hitting the giant cockroach.
The giant cockroach is severely wounded.
The giant cockroach bites you.
The giant cockroach bites you but does no damage.
A giant cockroach is nearby!
You hit the giant cockroach.
You kill the giant cockroach!
You have reached level 2!
Your demonic ancestry asserts itself...
A pair of antennae grows on your head!
Are you sure you want to abandon this character and quit the game? (Confirm with "yes".)

... #.# ..#
..# ###.##
#.... #.#.#
#.#@# #.#.#
#
#.#.###.###
#..........
#
#....##....
. #.#..# ##
#[#.#..#
.##.#.#..#
.........#


There were no monsters in sight!

Vanquished Creatures
  A dart slug (D:1)
  A giant cockroach (D:1)
  3 jackals (D:1)
  A rat (D:1)
6 creatures vanquished.

Notes
Turn   | Place    | Note
-------+----------+-------------------------------------------
     0 | D:1      | Morbidden the Demonspawn Fighter began the quest for the
                  | Orb.
     0 | D:1      | Reached XP level 1. HP: 18/18 MP: 1/1
   215 | D:1      | Gained mutation: You have a pair of small antennae on your
                  | head. [demonic ancestry]
   215 | D:1      | Reached XP level 2. HP: 19/24 MP: 2/2
   215 | D:1      | Quit the game

Illustrated notes

Levels and vault maps discovered:
D:1:      lightli_iron_boxes, layout_basic, minmay_pentomino_z2

Action                   || total
-------------------------++-------
Melee: Long sword        ||    19
Armor: Scale mail        ||     9
Dodge: Dodged            ||     8
Block: Kite shield       ||     9
       Rpst.: Long sword ||     3

Table legend: (Time is in decaauts)
 A = Elapsed time spent in this place.
 B = Non-inter-level travel time spent in this place.
 C = Inter-level travel time spent in this place.
 D = Time resting spent in this place.
 E = Time spent auto-exploring this place.
 F = Levels seen in this place.
 G = Mean time per level.
                   A        B        C        D        E       F      G
               +--------+--------+--------+--------+--------+-----+--------+
         Total |    225 |    225 |      0 |      0 |    180 |   1 |  225.0 |
       Dungeon |    225 |    225 |      0 |      0 |    180 |   1 |  225.0 |
               +--------+--------+--------+--------+--------+-----+--------+

Top non-repeatable levels by time:
     D:1: 225 daAuts
